 Dungeon Crawl Stone Soup version 0.22.1-1-ga44c0e56f4 (webtiles) character file.

572 DenSaoPin the Ducker (level 7, -17/50 HPs)
             Began as a Demonspawn Gladiator on Oct 20, 2018.
             Killed from afar by a ball python (37 damage)
             ... with an exploding inner flame
             ... hexed by the player character
             ... on level 5 of the Dungeon.
             The game lasted 00:16:33 (5603 turns).

DenSaoPin the Ducker (Demonspawn Gladiator)         Turns: 5603, Time: 00:16:34

Health: -17/50     AC:  4    Str: 21    XL:     7   Next: 12%
Magic:  7/7        EV: 15    Int:  9    God:
Gold:   207        SH:  0    Dex: 15    Spells: 6/6 levels left

rFire    . . .     SeeInvis .     - Unarmed
rCold    . . .     Gourm    .   (no shield)
rNeg     . . .     Faith    .   e - +0 leather armour
rPois    .         Spirit   .   (helmet restricted)
rElec    .         Reflect  .   l - +0 cloak
rCorr    .         Harm     .   (no gloves)
MR       .....                  (no boots)
Stlth    +.........             (no amulet)
HPRegen  0.16/turn              (no ring)
MPRegen  0.10/turn              (no ring)

@: mighty, lethally poisoned (-17 -> -20)
A: antennae 2, talons 1, powered by pain 2
a: no special abilities


You were on level 5 of the Dungeon.
You were hungry.

You visited 1 branch of the dungeon, and saw 5 of its levels.

You collected 207 gold pieces.

Inventory:

Missiles
 c - 3 throwing nets (quivered)
Armour
 a - a +0 leather armour
 b - a +0 helmet
 e - a +0 leather armour (worn)
 l - a +0 cloak (worn)
 t - a +0 plate armour
 u - a +0 ring mail
 y - a +0 robe of magic resistance
Jewellery
 x - an uncursed ring of ice {unknown}
Scrolls
 h - 3 scrolls of remove curse
 i - a scroll of teleportation
 n - a scroll of magic mapping
 s - 2 scrolls of blinking {unknown}
 w - 2 scrolls of fear {unknown}
Potions
 f - 2 potions of curing {unknown}
 g - a potion of magic {unknown}
 j - 2 potions of brilliance {unknown}
 o - 3 potions of cancellation {unknown}
 r - 2 potions of mutation {unknown}
 v - a potion of resistance {unknown}
Comestibles
 d - 10 rations


   Skills:
 - Level 2.0 Fighting
 - Level 1.7 Throwing
 - Level 6.1 Dodging
 + Level 5.1 Unarmed Combat


You had 6 spell levels left.
You didn't know any spells.
Your spell library was empty.

Dungeon Overview and Level Annotations

Branches:
Dungeon (5/15)             Temple (0/1) D:5

Altars:
Ashenzari
Cheibriados
Trog

Annotations:
D:4 2 transporters
D:5 Prince Ribbit


Innate Abilities, Weirdness & Mutations

You have a pair of antennae on your head.
You have sharp toenails.
You sometimes gain power by taking damage.


Message History

The ball python misses you. The adder bites you.
You miss the adder. You claw the adder.
The adder is severely wounded.
You feel sick. The ball python barely misses you. x2
The adder closely misses you.
You closely miss the adder. You claw the adder.
The adder is almost dead.
The adder barely misses you. The ball python completely misses you.
The ball python misses you.
You hit the adder.
The adder explodes!
The fiery explosion engulfs you!
Ouch! That really hurt!
You focus on the pain.
You feel very mighty all of a sudden.
The fiery explosion engulfs the ball python.
The ball python explodes!
The fiery explosion engulfs you!
Ouch! That really hurt!
You die...

*,,,,,,,,,,,**,* #.#)#.##...#
,*****,,,,,,,,,* #.#........#
,******,**,#######......##..#****
,,,,,,,,,,,#............##..#,,,,
,,,,,,,.,,,#..###.......##..#,***
,,,,,,,...,#....§§§..#####..#,*
,,,,,,,....##.§#§§§..# *..#,*
,,,,,,,.......§§§§§§.## *...,*
**,,,*,###.##.§§@§§...# **,*****
,,,,,,,...?..>§###§##.# *,,,,,,
***,,,,..#......,#.#*.#**********
* *,,,,........#.*..,,.*,,,,,,,*
* *,,,,.......%#.#...,,*,*****,*
* ****,...(....#,#....,*,*,,,*,*
** *,.........,*#....*,*,,,,,* ,*
*,.........,,,...!.,*,,,****
8*************+*************,*,,,


There were no monsters in sight!

Vanquished Creatures
  A sky beast (D:4)
  A phantom (D:4)
  Blork the orc (D:5)
  A scorpion (D:4)
  A bullfrog zombie (D:4)
  An orc priest (D:5)
  An orc wizard (D:5)
  3 gnolls (D:2)
  5 adders
  3 oozes
  4 worms
  A dart slug (D:2)
  3 leopard geckos
  4 orcs
  4 ball pythons
  2 giant cockroaches
  7 goblins
  6 hobgoblins
  10 jackals
  2 quokkas
  7 bats
  5 frilled lizards
  9 kobolds
  A leopard gecko skeleton (D:4)
  A quokka skeleton (D:5)
  8 rats
92 creatures vanquished.

Notes
Turn   | Place    | Note
-------+----------+-------------------------------------------
     0 | D:1      | DenSaoPin the Demonspawn Gladiator began the quest for the
                  | Orb.
     0 | D:1      | Reached XP level 1. HP: 16/16 MP: 1/1
   121 | D:1      | Gained mutation: You sometimes gain a little power by
                  | taking damage. [demonic ancestry]
   121 | D:1      | Reached XP level 2. HP: 20/22 MP: 2/2
   157 | D:1      | HP: 1/22 [jackal (3)]
   515 | D:1      | Reached XP level 3. HP: 24/27 MP: 3/3
  1568 | D:2      | Gained mutation: You have sharp toenails. [demonic
                  | ancestry]
  1568 | D:2      | Reached XP level 4. HP: 15/33 MP: 4/4
  1869 | D:2      | Found a shattered altar of Ashenzari.
  2265 | D:2      | Reached skill level 5 in Unarmed Combat
  2573 | D:2      | Noticed a moth of wrath
  2576 | D:2      | Found a bloodstained altar of Trog.
  2629 | D:2      | Gained mutation: You have a pair of small antennae on your
                  | head. [demonic ancestry]
  2629 | D:2      | Reached XP level 5. HP: 28/38 MP: 5/5
  2903 | D:3      | Reached skill level 3 in Dodging
  3528 | D:4      | Noticed a phantom
  4266 | D:4      | Killed a phantom
  4266 | D:4      | Reached skill level 4 in Dodging
  4266 | D:4      | Gained mutation: You sometimes gain power by taking damage.
                  | [demonic ancestry]
  4266 | D:4      | Reached XP level 6. HP: 12/44 MP: 6/6
  4780 | D:4      | Found a snail-covered altar of Cheibriados.
  4782 | D:4      | Found a transporter.
  4800 | D:4      | Found a transporter.
  4948 | D:5      | Entered Level 5 of the Dungeon
  4974 | D:5      | Noticed a sky beast
  4975 | D:5      | Reached skill level 5 in Dodging
  4984 | D:5      | Noticed Prince Ribbit
  5041 | D:4      | Killed a sky beast
  5342 | D:5      | Noticed Blork the orc
  5370 | D:5      | Killed Blork the orc
  5370 | D:5      | Reached skill level 6 in Dodging
  5370 | D:5      | Gained mutation: You have a pair of antennae on your head.
                  | [demonic ancestry]
  5370 | D:5      | Reached XP level 7. HP: 16/50 MP: 7/7
  5603 | D:5      | Killed from afar by a ball python

Skill      XL: |  1  2  3  4  5  6 |
---------------+-------------------+-----
Unarmed Combat | 3 4 5 |  5.1
Dodging        | 4 6 |  6.1
Fighting       | |  2.0
Throwing       | |  1.7

Action                   |  1- 3 |  4- 6 |  7- 9 || total
-------------------------+-------+-------+-------++-------
Melee: Unarmed           |   175 |   219 |     6 ||   400
       Punch             |     4 |     4 |       ||     8
       Kick              |       |    66 |     3 ||    69
  Use: Potion            |     1 |       |       ||     1
       Scroll            |       |       |     7 ||     7
 Stab: Sleeping          |     1 |     1 |       ||     2
  Eat: Chunk             |     2 |     7 |     2 ||    11
       Ration            |       |     1 |       ||     1
Armor: Leather armour    |    70 |    36 |       ||   106
Dodge: Dodged            |   153 |   150 |    10 ||   313
